%YAML 1.1
%TAG !u! tag:unity3d.com,2011:
--- !u!1001 &100100000
Prefab:
  m_ObjectHideFlags: 1
  serializedVersion: 2
  m_Modification:
    m_TransformParent: {fileID: 0}
    m_Modifications: []
    m_RemovedComponents: []
  m_SourcePrefab: {fileID: 0}
  m_RootGameObject: {fileID: 1747599274792834}
  m_IsPrefabAsset: 1
--- !u!1 &1747599274792834
GameObject:
  m_ObjectHideFlags: 0
  m_CorrespondingSourceObject: {fileID: 0}
  m_PrefabInternal: {fileID: 100100000}
  serializedVersion: 6
  m_Component:
  - component: {fileID: 4039147108730662}
  - component: {fileID: 114380858968105962}
  - component: {fileID: 114403044659706054}
  - component: {fileID: 114492666102424314}
  - component: {fileID: 114293446394148142}
  m_Layer: 0
  m_Name: GameManager
  m_TagString: Untagged
  m_Icon: {fileID: 0}
  m_NavMeshLayer: 0
  m_StaticEditorFlags: 0
  m_IsActive: 1
--- !u!4 &4039147108730662
Transform:
  m_ObjectHideFlags: 1
  m_CorrespondingSourceObject: {fileID: 0}
  m_PrefabInternal: {fileID: 100100000}
  m_GameObject: {fileID: 1747599274792834}
  m_LocalRotation: {x: 0, y: 0, z: 0, w: 1}
  m_LocalPosition: {x: 0, y: 0.63, z: 0}
  m_LocalScale: {x: 1, y: 1, z: 1}
  m_Children: []
  m_Father: {fileID: 0}
  m_RootOrder: 0
  m_LocalEulerAnglesHint: {x: 0, y: 0, z: 0}
--- !u!114 &114293446394148142
MonoBehaviour:
  m_ObjectHideFlags: 1
  m_CorrespondingSourceObject: {fileID: 0}
  m_PrefabInternal: {fileID: 100100000}
  m_GameObject: {fileID: 1747599274792834}
  m_Enabled: 1
  m_EditorHideFlags: 0
  m_Script: {fileID: 11500000, guid: 7ca52b9e7ed1ff54b8bab871c01fa3f9, type: 3}
  m_Name: 
  m_EditorClassIdentifier: 
  spawnPoints:
  - {fileID: 0}
  - {fileID: 0}
  - {fileID: 0}
  - {fileID: 0}
  spawnParticle: {fileID: 1116409586077316, guid: 2541489c1901c5e4eb75b1fe6a52db03,
    type: 2}
  respawnTime: 0
  invinTime: 1
--- !u!114 &114380858968105962
MonoBehaviour:
  m_ObjectHideFlags: 1
  m_CorrespondingSourceObject: {fileID: 0}
  m_PrefabInternal: {fileID: 100100000}
  m_GameObject: {fileID: 1747599274792834}
  m_Enabled: 1
  m_EditorHideFlags: 0
  m_Script: {fileID: 11500000, guid: fa56df8fac5840d4ea869112853c777c, type: 3}
  m_Name: 
  m_EditorClassIdentifier: 
  playerCount: 4
  playerPrefab: {fileID: 1647010289725564, guid: 1c042ff697dcc3041b88c575c0cad684,
    type: 2}
  players: []
  score: {fileID: 114492666102424314}
  sceneManager: {fileID: 114403044659706054}
  spawner: {fileID: 114293446394148142}
  matchLength: 0
  currentGameTime: 0
--- !u!114 &114403044659706054
MonoBehaviour:
  m_ObjectHideFlags: 1
  m_CorrespondingSourceObject: {fileID: 0}
  m_PrefabInternal: {fileID: 100100000}
  m_GameObject: {fileID: 1747599274792834}
  m_Enabled: 1
  m_EditorHideFlags: 0
  m_Script: {fileID: 11500000, guid: 7f75fd6cabf189843867ea8522c2fe3f, type: 3}
  m_Name: 
  m_EditorClassIdentifier: 
--- !u!114 &114492666102424314
MonoBehaviour:
  m_ObjectHideFlags: 1
  m_CorrespondingSourceObject: {fileID: 0}
  m_PrefabInternal: {fileID: 100100000}
  m_GameObject: {fileID: 1747599274792834}
  m_Enabled: 1
  m_EditorHideFlags: 0
  m_Script: {fileID: 11500000, guid: 62ba3fbce573f254b94bfe58e98d96fa, type: 3}
  m_Name: 
  m_EditorClassIdentifier: 
  elimCount: 
  scoreToWin: 5
